Penguins vs Islanders

Created - January 7, 2017 at 10:53

Goals
1 2 3 T
Penguins 0 2 0 2
Islanders 0 0 1 1
Shots
1 2 3 T
Penguins 11 12 11 34
Islanders 8 4 14 26

1st period

No Goal

Penalties :
Luke Glendening (PIT) for Roughing (Minor) at 2:30, Brandon Saad (PIT) for Hooking (Minor) at 14:19

2nd period

1. Penguins , Gabriel Landeskog 16 (David Savard, Ryan Getzlaf) at 0:08
2. Penguins , Jakub Voracek 7 (Matt Hunwick) at 16:02

Penalties :
Victor Hedman (PIT) for Holding (Minor) at 2:20, Luca Sbisa (NYI) for Cross-checking (Minor) at 5:47, Jakub Voracek (PIT) for Slashing (Minor) at 13:38

3rd period

3. Islanders , Shawn Horcoff 5 (Luca Sbisa, Nate Thompson) at 9:19

Penalties :
Josh Manson (NYI) for High sticking (Minor) at 8:18, Gabriel Landeskog (PIT) for Tripping (Minor) at 8:18, Zack Kassian (NYI) for High sticking (Minor) at 12:09, Josh Manson (NYI) for Hooking (Minor) at 16:19

Goalie Stats

Connor Hellebuyck (PIT), 25 saves from 26 shots - (0.962), W, 9-5-0, 60:00 minutes
Braden Holtby (NYI), 32 saves from 34 shots - (0.941), L, 11-17-3, 59:02 minutes

Players Stats for Penguins

Player Name              G  A  P  +/- PIM S  H  SB GA TA FO     MP     PP MP  PK MP  
------------------------------------------------------------------------------------
Alexander Wennberg       0  0  0   1  0   2  4  0  0  0  15/22  18:18   2:58   0:00 
Brandon Saad             0  0  0   1  2   2  1  1  0  0  4/4    18:25   2:58   0:00 
David Perron             0  0  0   0  0   0  1  0  0  0  1/1    10:02   0:00   0:00 
David Savard             0  1  1   1  0   0  1  1  0  0  0/0    20:46   2:51   3:45 
Dmitry Kulikov           0  0  0   0  0   0  2  1  0  0  0/0    17:24   0:00   4:43 
Gabriel Landeskog        1  0  1   1  2   8  0  0  0  0  2/3    20:33   2:59   2:26 
Jakub Voracek            1  0  1   0  2   5  2  0  0  0  2/4    19:26   2:58   0:00 
Luke Glendening          0  0  0   0  2   0  1  0  0  0  5/10    8:19   0:00   3:56 
Matt Hunwick             0  1  1   1  0   0  4  0  0  0  0/0    20:14   2:51   3:13 
Nathan MacKinnon         0  0  0   0  0   5  0  0  0  0  4/11   21:33   2:59   1:34 
Oliver Bjorkstrand       0  0  0   0  0   0  0  0  0  0  0/0     3:37   0:00   0:00 
Pavel Zacha              0  0  0   0  0   1  0  0  0  0  0/0     3:37   0:00   0:00 
Ryan Callahan            0  0  0   0  0   1  0  0  0  0  0/0    15:32   0:00   5:30 
Ryan Getzlaf             0  1  1   1  0   5  1  0  0  0  15/28  20:37   2:59   2:26 
Ryan Suter               0  0  0   0  0   0  2  1  0  0  0/0    23:08   3:06   0:46 
Victor Hedman            0  0  0   0  2   3  1  0  0  0  0/0    25:37   3:06   3:16 
William Nylander         0  0  0   0  0   2  0  0  0  0  6/13   10:02   0:00   0:00 
Xavier Ouellet           0  0  0   0  0   0  0  0  0  0  0/0    12:50   0:00   0:09 

Players Stats for Islanders

Player Name              G  A  P  +/- PIM S  H  SB GA TA FO     MP     PP MP  PK MP  
------------------------------------------------------------------------------------
Alexander Semin          0  0  0   0  0   3  0  0  0  0  4/7    15:25   4:20   0:00 
Andy Greene              0  0  0   0  0   1  1  2  0  0  0/0    22:50   3:43   3:08 
Brandon Davidson         0  0  0   1  0   2  2  0  0  0  0/0    19:47   4:13   2:49 
Colin Wilson             0  0  0   0  0   2  0  0  0  0  2/2    22:34   3:36   4:11 
David Legwand            0  0  0  -1  0   0  0  0  0  0  0/0     2:33   0:00   0:19 
Erik Condra              0  0  0  -2  0   3  0  0  0  0  1/4    18:03   0:00   0:00 
Josh Jooris              0  0  0   0  0   2  1  0  0  0  5/14   11:05   0:00   0:00 
Josh Manson              0  0  0  -1  4   2  5  1  0  0  0/0    19:35   4:13   0:00 
Luca Sbisa               0  1  1   1  2   0  5  4  0  0  0/0    21:49   3:43   1:57 
Marek Zidlicky           0  0  0   0  0   0  0  0  0  0  0/0     0:00   0:00   0:00 
Mark Fayne               0  0  0  -1  0   0  0  0  0  0  0/0    14:50   0:00   1:11 
Nate Thompson            0  1  1   0  0   2  1  0  0  0  8/15   20:25   3:36   2:05 
Niklas Hjalmarsson       0  0  0  -2  0   1  0  3  0  0  0/0    21:06   0:00   2:49 
Patrick Sharp            0  0  0  -1  0   3  0  0  0  0  0/0    20:56   4:20   0:00 
Pierre-Alexandr Parentea 0  0  0   0  0   2  1  0  0  0  0/0    20:44   3:36   1:34 
Roman Polak              0  0  0   0  0   0  0  0  0  0  0/0     0:00   0:00   0:00 
Shawn Horcoff            1  0  1   1  0   2  2  1  0  0  14/30  23:43   4:20   3:45 
Zack Kassian             0  0  0  -1  2   1  1  0  0  0  8/24   16:35   0:00   0:00 

3 Stars

1 - Connor Hellebuyck (PIT)
2 - Shawn Horcoff (NYI)
3 - Matt Hunwick (PIT)

Power Play

Penguins - 0 on 3 Attempt(s) - 0.00%
Islanders - 0 on 4 Attempt(s) - 0.00%

Penalty Kill

Penguins - 4 on 4 Attempt(s) - 100.00% - Score 0 goal in Penalty Kill
Islanders - 3 on 3 Attempt(s) - 100.00% - Score 0 goal in Penalty Kill

Team Stat

Penguins - Hits : 20 - Faceoff Wins : 54 - Blocked Shots : 4 - Penalty Minutes : 10
Islanders - Hits : 19 - Faceoff Wins : 42 - Blocked Shots : 11 - Penalty Minutes : 8

Official

Referees : Marc Joannette and Chris Lee
Linesman : Steve Miller and Pierre Racicot

Game Notes

No Game Note

Finance

Level 1 -- Attendance: 5877 (97.95%) -- Ticket Income $664,101
Level 2 -- Attendance: 4888 (97.76%) -- Ticket Income $381,264
Level 3 -- Attendance: 2000 (100.00%) -- Ticket Income $144,000
Level 4 -- Attendance: 1765 (98.33%) -- Ticket Income $90,015
Luxury Box -- Attendance: 1000 (100.00%) -- Ticket Income $176,000
Game was played at the Barclays Center.
Total Attendance: 15530 (98.32%)
Total Ticket Income: $1,455,380
Other Income: $218,307
Total Income: $1,673,687

% Time on Ice - Penguins

Lines # - Real PCT - Wanted PCT - Time Play
Normal Forward
1 - 33% - 33% - 14:22
2 - 35% - 33% - 15:20
3 - 23% - 23% - 10:02
4 - 8% - 11% - 3:37
Normal Defense
1 - 40% - 40% - 17:09
2 - 31% - 35% - 13:31
3 - 29% - 25% - 12:41
4 - 0% - 0% - 0:00
PP Forward
1 - 50% - 60% - 2:59
2 - 50% - 40% - 2:58
PP Defense
1 - 52% - 60% - 3:06
2 - 48% - 40% - 2:51
PK Forward
1 - 69% - 60% - 5:30
2 - 31% - 40% - 2:26
PK Defense
1 - 66% - 60% - 5:15
2 - 34% - 40% - 2:41
PK3 Forward
1 - 0% - 60%
2 - 0% - 40%
PK3 Defense
1 - 0% - 60%
2 - 0% - 40%
44 Forward
1 - 100% - 60% - 1:59
2 - 0% - 40% - 0:00
44 Defense
1 - 67% - 60% - 1:20
2 - 33% - 40% - 0:39
Last Minute Offensive  - 0:00
Last Minute Defensive  - 0:47
Total
Forward - 60:00
Defense - 60:00

% Time on Ice - Islanders

Lines # - Real PCT - Wanted PCT - Time Play
Normal Forward
1 - 36% - 36% - 15:49
2 - 33% - 33% - 14:13
3 - 26% - 20% - 11:05
4 - 5% - 11% - 2:14
Normal Defense
1 - 34% - 35% - 14:37
2 - 35% - 35% - 15:05
3 - 25% - 21% - 10:53
4 - 6% - 9% - 2:46
PP Forward
1 - 55% - 60% - 4:20
2 - 45% - 40% - 3:36
PP Defense
1 - 47% - 60% - 3:43
2 - 53% - 40% - 4:13
PK Forward
1 - 74% - 55% - 4:23
2 - 26% - 45% - 1:34
PK Defense
1 - 47% - 55% - 2:49
2 - 53% - 45% - 3:08
PK3 Forward
1 - 0% - 60%
2 - 0% - 40%
PK3 Defense
1 - 0% - 60%
2 - 0% - 40%
44 Forward
1 - 71% - 60% - 1:25
2 - 29% - 40% - 0:34
44 Defense
1 - 45% - 60% - 0:54
2 - 55% - 40% - 1:05
Last Minute Offensive  - 0:47
Last Minute Defensive  - 0:00
Total
Forward - 60:00
Defense - 60:00

Play by Play

1st period


0:01 of 1st period - Ryan Getzlaf wins face-off versus Zack Kassian in neutral zone.
0:04 of 1st period - Shot by Nathan MacKinnon.
0:04 of 1st period - Stopped by Braden Holtby without a rebound.
0:05 of 1st period - Alexander Wennberg wins face-off versus Shawn Horcoff in Islanders zone.
0:08 of 1st period - Shot by Jakub Voracek.
0:08 of 1st period - Stopped by Braden Holtby without a rebound.
0:09 of 1st period - William Nylander wins face-off versus Josh Jooris in Islanders zone.
0:27 of 1st period - Dmitry Kulikov is hit by Brandon Davidson.
0:31 of 1st period - Shot by William Nylander.
0:31 of 1st period - Stopped by Braden Holtby without a rebound.
0:32 of 1st period - Alexander Wennberg wins face-off versus Shawn Horcoff in Islanders zone.
1:24 of 1st period - Icing by Andy Greene.
1:25 of 1st period - Ryan Getzlaf wins face-off versus Shawn Horcoff in Islanders zone.
1:32 of 1st period - Shot by Nathan MacKinnon.
1:32 of 1st period - Stopped by Braden Holtby without a rebound.
1:33 of 1st period - Ryan Getzlaf wins face-off versus Zack Kassian in Islanders zone.
1:50 of 1st period - Shot by Nathan MacKinnon.
1:50 of 1st period - Stopped by Braden Holtby with a rebound.
1:52 of 1st period - Shot by Nathan MacKinnon.
1:52 of 1st period - Deflect By Ryan Getzlaf.
1:52 of 1st period - Stopped by Braden Holtby without a rebound.
1:53 of 1st period - Josh Jooris wins face-off versus Luke Glendening in Islanders zone.
2:06 of 1st period - Dmitry Kulikov is hit by Josh Jooris and loses puck.
2:26 of 1st period - Pavel Zacha is hit by Brandon Davidson and loses puck.
2:30 of 1st period - Minor Penalty to Luke Glendening for Roughing.
2:31 of 1st period - Nathan MacKinnon wins face-off versus Alexander Semin in Penguins zone.
3:05 of 1st period - Luca Sbisa is hit by Dmitry Kulikov and loses puck.
3:58 of 1st period - Shot by Colin Wilson.
3:58 of 1st period - Shot Misses the Net.
4:06 of 1st period - Shot by Josh Manson.
4:06 of 1st period - Stopped by Connor Hellebuyck without a rebound.
4:07 of 1st period - Nathan MacKinnon wins face-off versus Nate Thompson in Penguins zone.
4:16 of 1st period - Shot by Josh Manson.
4:16 of 1st period - Shot Misses the Net.
4:26 of 1st period - Shot by Colin Wilson.
4:26 of 1st period - Stopped by Connor Hellebuyck without a rebound.
4:27 of 1st period - Colin Wilson wins face-off versus Nathan MacKinnon in Penguins zone.
4:46 of 1st period - Shot by Erik Condra.
4:46 of 1st period - Stopped by Connor Hellebuyck with a rebound.
5:33 of 1st period - Shot by Gabriel Landeskog.
5:33 of 1st period - Shot Blocked by Shawn Horcoff.
5:36 of 1st period - Icing by Luca Sbisa.
5:37 of 1st period - Shawn Horcoff wins face-off versus William Nylander in Islanders zone.
5:53 of 1st period - Pierre-Alexandr Parenteau is hit by Dmitry Kulikov and loses puck.
6:18 of 1st period - Icing by Dmitry Kulikov.
6:19 of 1st period - Josh Jooris wins face-off versus William Nylander in Penguins zone.
6:26 of 1st period - Shot by Alexander Semin.
6:26 of 1st period - Shot Misses the Net.
7:22 of 1st period - Shot by Erik Condra.
7:22 of 1st period - Shot Misses the Net.
7:32 of 1st period - Shot by Zack Kassian.
7:32 of 1st period - Shot Blocked by David Savard.
7:34 of 1st period - Shot by Zack Kassian.
7:34 of 1st period - Shot Misses the Net.
7:38 of 1st period - Shot by Erik Condra.
7:38 of 1st period - Stopped by Connor Hellebuyck without a rebound.
7:39 of 1st period - Alexander Wennberg wins face-off versus Shawn Horcoff in Penguins zone.
8:45 of 1st period - Icing by Matt Hunwick.
8:46 of 1st period - Ryan Getzlaf wins face-off versus Zack Kassian in Penguins zone.
9:15 of 1st period - Shot by Gabriel Landeskog.
9:15 of 1st period - Stopped by Braden Holtby with a rebound.
9:17 of 1st period - Shot by Nathan MacKinnon.
9:17 of 1st period - Stopped by Braden Holtby without a rebound.
9:18 of 1st period - Luke Glendening wins face-off versus Josh Jooris in Islanders zone.
11:22 of 1st period - Shot by Nathan MacKinnon.
11:22 of 1st period - Shot Misses the Net.
11:24 of 1st period - Shot by Matt Hunwick.
11:24 of 1st period - Shot Blocked by Luca Sbisa.
11:26 of 1st period - Shot by Gabriel Landeskog.
11:26 of 1st period - Stopped by Braden Holtby without a rebound.
11:27 of 1st period - William Nylander wins face-off versus Nate Thompson in Islanders zone.
12:07 of 1st period - Icing by Mark Fayne.
12:08 of 1st period - Ryan Getzlaf wins face-off versus Nate Thompson in Islanders zone.
12:12 of 1st period - Icing by Mark Fayne.
12:13 of 1st period - Ryan Getzlaf wins face-off versus Nate Thompson in Islanders zone.
13:10 of 1st period - Jakub Voracek is hit by Shawn Horcoff and loses puck.
13:16 of 1st period - Off-side.
13:17 of 1st period - Josh Jooris wins face-off versus William Nylander in neutral zone.
13:17 of 1st period - Alexander Semin is hit by David Perron and loses puck.
13:43 of 1st period - William Nylander is hit by Luca Sbisa and loses puck.
13:48 of 1st period - Shot by William Nylander.
13:48 of 1st period - Stopped by Braden Holtby without a rebound.
13:49 of 1st period - Jakub Voracek wins face-off versus Shawn Horcoff in Islanders zone.
13:52 of 1st period - Shot by Brandon Saad.
13:52 of 1st period - Stopped by Braden Holtby without a rebound.
13:53 of 1st period - Shawn Horcoff wins face-off versus Ryan Getzlaf in Islanders zone.
14:02 of 1st period - Shot by Pierre-Alexandr Parenteau.
14:02 of 1st period - Stopped by Connor Hellebuyck without a rebound.
14:03 of 1st period - Alexander Wennberg wins face-off versus Zack Kassian in Penguins zone.
14:03 of 1st period - Victor Hedman is hit by Zack Kassian and loses puck.
14:16 of 1st period - Shot by Alexander Wennberg.
14:16 of 1st period - Shot Blocked by Luca Sbisa.
14:19 of 1st period - Minor Penalty to Brandon Saad for Hooking.
14:20 of 1st period - Alexander Semin wins face-off versus Luke Glendening in Penguins zone.
14:21 of 1st period - Shot by Brandon Davidson.
14:21 of 1st period - Stopped by Connor Hellebuyck without a rebound.
14:22 of 1st period - Luke Glendening wins face-off versus Alexander Semin in Penguins zone.
14:40 of 1st period - Off-side.
14:41 of 1st period - Luke Glendening wins face-off versus Nate Thompson in neutral zone.
15:00 of 1st period - Shot by Pierre-Alexandr Parenteau.
15:00 of 1st period - Stopped by Connor Hellebuyck without a rebound.
15:01 of 1st period - Alexander Semin wins face-off versus Luke Glendening in Penguins zone.
15:18 of 1st period - Shot by Patrick Sharp.
15:18 of 1st period - Stopped by Connor Hellebuyck without a rebound.
15:19 of 1st period - Nate Thompson wins face-off versus Ryan Getzlaf in Penguins zone.
15:31 of 1st period - Icing by Josh Manson.
15:32 of 1st period - Nate Thompson wins face-off versus Luke Glendening in Islanders zone.
15:55 of 1st period - Shot by Nate Thompson.
15:55 of 1st period - Shot Blocked by Dmitry Kulikov.
16:06 of 1st period - Colin Wilson is hit by Matt Hunwick and loses puck.
16:44 of 1st period - Shot by Erik Condra.
16:44 of 1st period - Shot Blocked by Brandon Saad.
17:16 of 1st period - Luca Sbisa is hit by Alexander Wennberg and loses puck.
18:12 of 1st period - Icing by David Savard.
18:13 of 1st period - Ryan Getzlaf wins face-off versus Zack Kassian in Penguins zone.
19:26 of 1st period - Shot by Colin Wilson.
19:26 of 1st period - Shot Misses the Net.
19:33 of 1st period - Victor Hedman is hit by Pierre-Alexandr Parenteau and loses puck.
Goals for this period are 0 for Penguins vs 0 for Islanders.
Shots for this period are 11 for Penguins vs 8 for Islanders.

2nd period


0:01 of 2nd period - Ryan Getzlaf wins face-off versus Zack Kassian in neutral zone.
0:08 of 2nd period - Shot by Gabriel Landeskog.
0:08 of 2nd period - Goal by Gabriel Landeskog - Penguins : 1 - Islanders : 0.
0:09 of 2nd period - Ryan Getzlaf wins face-off versus Zack Kassian in neutral zone.
0:12 of 2nd period - Shot by Ryan Getzlaf.
0:12 of 2nd period - Stopped by Braden Holtby without a rebound.
0:13 of 2nd period - Zack Kassian wins face-off versus Ryan Getzlaf in Islanders zone.
0:23 of 2nd period - Ryan Getzlaf is hit by Josh Manson and loses puck.
0:36 of 2nd period - Shot by Gabriel Landeskog.
0:36 of 2nd period - Shot Misses the Net.
0:38 of 2nd period - Shot by Ryan Getzlaf.
0:38 of 2nd period - Shot Misses the Net.
1:21 of 2nd period - Shot by Pierre-Alexandr Parenteau.
1:21 of 2nd period - Deflect By Shawn Horcoff.
1:21 of 2nd period - Shot Misses the Net.
1:43 of 2nd period - Luca Sbisa is hit by Ryan Suter and loses puck.
2:11 of 2nd period - Shot by Josh Jooris.
2:11 of 2nd period - Stopped by Connor Hellebuyck with a rebound.
2:20 of 2nd period - Minor Penalty to Victor Hedman for Holding.
2:21 of 2nd period - Luke Glendening wins face-off versus Alexander Semin in Penguins zone.
2:26 of 2nd period - Josh Manson is hit by Luke Glendening.
3:09 of 2nd period - Dmitry Kulikov is hit by Luca Sbisa and loses puck.
3:47 of 2nd period - Icing by Patrick Sharp.
3:48 of 2nd period - Alexander Semin wins face-off versus Nathan MacKinnon in Islanders zone.
4:32 of 2nd period - Icing by Victor Hedman.
4:33 of 2nd period - Nate Thompson wins face-off versus Jakub Voracek in Penguins zone.
4:43 of 2nd period - Icing by Ryan Suter.
4:44 of 2nd period - Alexander Wennberg wins face-off versus Zack Kassian in Penguins zone.
5:03 of 2nd period - Shot by Alexander Wennberg.
5:03 of 2nd period - Stopped by Braden Holtby without a rebound.
5:04 of 2nd period - Erik Condra wins face-off versus Ryan Getzlaf in Islanders zone.
5:20 of 2nd period - Icing by Xavier Ouellet.
5:21 of 2nd period - Shawn Horcoff wins face-off versus Ryan Getzlaf in Penguins zone.
5:26 of 2nd period - Shot by Pierre-Alexandr Parenteau.
5:26 of 2nd period - Shot Misses the Net.
5:47 of 2nd period - Minor Penalty to Luca Sbisa for Cross-checking.
5:48 of 2nd period - Alexander Wennberg wins face-off versus Shawn Horcoff in Islanders zone.
5:49 of 2nd period - Shot by Victor Hedman.
5:49 of 2nd period - Stopped by Braden Holtby without a rebound.
5:50 of 2nd period - Brandon Saad wins face-off versus Shawn Horcoff in Islanders zone.
6:04 of 2nd period - Shot by Jakub Voracek.
6:04 of 2nd period - Stopped by Braden Holtby with a rebound.
6:06 of 2nd period - Shot by Victor Hedman.
6:06 of 2nd period - Shot Blocked by Andy Greene.
6:08 of 2nd period - Shot by Jakub Voracek.
6:08 of 2nd period - Shot Misses the Net.
6:28 of 2nd period - Shot by Jakub Voracek.
6:28 of 2nd period - Stopped by Braden Holtby without a rebound.
6:29 of 2nd period - Ryan Getzlaf wins face-off versus Nate Thompson in Islanders zone.
6:32 of 2nd period - Shot by Gabriel Landeskog.
6:32 of 2nd period - Stopped by Braden Holtby with a rebound.
6:36 of 2nd period - Shot by Ryan Getzlaf.
6:36 of 2nd period - Shot Misses the Net.
7:10 of 2nd period - Nathan MacKinnon is hit by Andy Greene and loses puck.
7:32 of 2nd period - Off-side.
7:33 of 2nd period - Alexander Wennberg wins face-off versus Shawn Horcoff in neutral zone.
7:38 of 2nd period - Niklas Hjalmarsson is hit by Alexander Wennberg.
7:51 of 2nd period - Ryan Callahan is hit by Josh Manson and loses puck.
8:35 of 2nd period - Xavier Ouellet is hit by Luca Sbisa and loses puck.
9:24 of 2nd period - Icing by Andy Greene.
9:25 of 2nd period - Gabriel Landeskog wins face-off versus Josh Jooris in Islanders zone.
9:56 of 2nd period - Shot by Gabriel Landeskog.
9:56 of 2nd period - Shot Misses the Net.
10:04 of 2nd period - Shot by Gabriel Landeskog.
10:04 of 2nd period - Stopped by Braden Holtby with a rebound.
10:55 of 2nd period - Shot by Oliver Bjorkstrand.
10:55 of 2nd period - Deflect By Pavel Zacha.
10:55 of 2nd period - Stopped by Braden Holtby without a rebound.
10:56 of 2nd period - Alexander Wennberg wins face-off versus Erik Condra in Islanders zone.
11:05 of 2nd period - Icing by Patrick Sharp.
11:06 of 2nd period - William Nylander wins face-off versus Zack Kassian in Islanders zone.
11:15 of 2nd period - Shot by Ryan Callahan.
11:15 of 2nd period - Shot Misses the Net.
11:46 of 2nd period - Shot by David Perron.
11:46 of 2nd period - Deflect By William Nylander.
11:46 of 2nd period - Shot Misses the Net.
11:48 of 2nd period - Shot by Victor Hedman.
11:48 of 2nd period - Stopped by Braden Holtby without a rebound.
11:49 of 2nd period - Brandon Saad wins face-off versus Shawn Horcoff in Islanders zone.
11:54 of 2nd period - Shot by Alexander Wennberg.
11:54 of 2nd period - Shot Blocked by Luca Sbisa.
12:08 of 2nd period - Brandon Saad is hit by Luca Sbisa.
12:10 of 2nd period - Shot by Jakub Voracek.
12:10 of 2nd period - Shot Misses the Net.
12:20 of 2nd period - Shot by Jakub Voracek.
12:20 of 2nd period - Shot Misses the Net.
13:11 of 2nd period - Nathan MacKinnon is hit by Nate Thompson and loses puck.
13:18 of 2nd period - Icing by Nate Thompson.
13:19 of 2nd period - David Perron wins face-off versus Josh Jooris in Islanders zone.
13:23 of 2nd period - Icing by Alexander Semin.
13:24 of 2nd period - Nate Thompson wins face-off versus William Nylander in Islanders zone.
13:31 of 2nd period - Shot by Alexander Semin.
13:31 of 2nd period - Stopped by Connor Hellebuyck without a rebound.
13:32 of 2nd period - Alexander Wennberg wins face-off versus Zack Kassian in Penguins zone.
13:37 of 2nd period - Josh Manson is hit by Jakub Voracek and loses puck.
13:38 of 2nd period - Minor Penalty to Jakub Voracek for Slashing.
13:39 of 2nd period - Alexander Semin wins face-off versus Luke Glendening in Penguins zone.
14:58 of 2nd period - Shot by Josh Manson.
14:58 of 2nd period - Stopped by Connor Hellebuyck with a rebound.
15:00 of 2nd period - Shot by Brandon Davidson.
15:00 of 2nd period - Shot Misses the Net.
15:46 of 2nd period - Mark Fayne is hit by Alexander Wennberg and loses puck.
15:55 of 2nd period - Niklas Hjalmarsson is hit by Matt Hunwick and loses puck.
16:02 of 2nd period - Shot by Jakub Voracek.
16:02 of 2nd period - Goal by Jakub Voracek - Penguins : 2 - Islanders : 0.
16:03 of 2nd period - Ryan Getzlaf wins face-off versus Zack Kassian in neutral zone.
16:08 of 2nd period - Shot by Gabriel Landeskog.
16:08 of 2nd period - Stopped by Braden Holtby without a rebound.
16:09 of 2nd period - Shawn Horcoff wins face-off versus Ryan Getzlaf in Islanders zone.
17:10 of 2nd period - Niklas Hjalmarsson is hit by Jakub Voracek and loses puck.
17:16 of 2nd period - Off-side.
17:17 of 2nd period - William Nylander wins face-off versus Josh Jooris in neutral zone.
17:43 of 2nd period - Josh Jooris is hit by Matt Hunwick and loses puck.
18:25 of 2nd period - Icing by Patrick Sharp.
18:26 of 2nd period - Zack Kassian wins face-off versus Jakub Voracek in Islanders zone.
18:37 of 2nd period - Shot by Patrick Sharp.
18:37 of 2nd period - Shot Misses the Net.
18:39 of 2nd period - Shot by Patrick Sharp.
18:39 of 2nd period - Shot Misses the Net.
18:41 of 2nd period - Shot by Niklas Hjalmarsson.
18:41 of 2nd period - Stopped by Connor Hellebuyck without a rebound.
18:42 of 2nd period - Shawn Horcoff wins face-off versus Ryan Getzlaf in Penguins zone.
19:12 of 2nd period - Icing by Mark Fayne.
19:13 of 2nd period - Shawn Horcoff wins face-off versus Alexander Wennberg in Islanders zone.
19:22 of 2nd period - Shot by Colin Wilson.
19:22 of 2nd period - Shot Blocked by Ryan Suter.
19:40 of 2nd period - Icing by Victor Hedman.
19:41 of 2nd period - Zack Kassian wins face-off versus Alexander Wennberg in Penguins zone.
Goals for this period are 2 for Penguins vs 0 for Islanders.
Shots for this period are 12 for Penguins vs 4 for Islanders.

3rd period


0:01 of 3rd period - Ryan Getzlaf wins face-off versus Erik Condra in neutral zone.
0:06 of 3rd period - Shot by Gabriel Landeskog.
0:06 of 3rd period - Stopped by Braden Holtby without a rebound.
0:07 of 3rd period - Zack Kassian wins face-off versus Ryan Getzlaf in Islanders zone.
0:15 of 3rd period - Erik Condra is hit by Victor Hedman and loses puck.
0:34 of 3rd period - Shot by Gabriel Landeskog.
0:34 of 3rd period - Shot Blocked by Josh Manson.
0:36 of 3rd period - Shot by Gabriel Landeskog.
0:36 of 3rd period - Stopped by Braden Holtby without a rebound.
0:37 of 3rd period - Alexander Wennberg wins face-off versus Shawn Horcoff in Islanders zone.
1:41 of 3rd period - Ryan Suter is hit by Josh Manson and loses puck.
1:48 of 3rd period - Shot by Gabriel Landeskog.
1:48 of 3rd period - Deflect By Ryan Getzlaf.
1:48 of 3rd period - Stopped by Braden Holtby without a rebound.
1:49 of 3rd period - William Nylander wins face-off versus Josh Jooris in Islanders zone.
2:21 of 3rd period - Shot by Alexander Semin.
2:21 of 3rd period - Stopped by Connor Hellebuyck without a rebound.
2:22 of 3rd period - Gabriel Landeskog wins face-off versus Zack Kassian in Penguins zone.
2:34 of 3rd period - Ryan Getzlaf is hit by Josh Manson and loses puck.
2:47 of 3rd period - Shot by Patrick Sharp.
2:47 of 3rd period - Stopped by Connor Hellebuyck without a rebound.
2:48 of 3rd period - Brandon Saad wins face-off versus Shawn Horcoff in Penguins zone.
3:10 of 3rd period - David Savard is hit by Luca Sbisa and loses puck.
3:15 of 3rd period - Shot by Brandon Saad.
3:15 of 3rd period - Shot Misses the Net.
3:19 of 3rd period - Shot by Brandon Saad.
3:19 of 3rd period - Stopped by Braden Holtby without a rebound.
3:20 of 3rd period - Zack Kassian wins face-off versus Ryan Getzlaf in Islanders zone.
4:34 of 3rd period - Shot by Alexander Semin.
4:34 of 3rd period - Stopped by Connor Hellebuyck with a rebound.
4:40 of 3rd period - Shot by Andy Greene.
4:40 of 3rd period - Stopped by Connor Hellebuyck without a rebound.
4:41 of 3rd period - Shawn Horcoff wins face-off versus William Nylander in Penguins zone.
4:41 of 3rd period - Colin Wilson is hit by David Savard and loses puck.
5:31 of 3rd period - Icing by Brandon Davidson.
5:32 of 3rd period - Shawn Horcoff wins face-off versus Alexander Wennberg in Islanders zone.
5:34 of 3rd period - Icing by Brandon Davidson.
5:35 of 3rd period - Alexander Wennberg wins face-off versus Shawn Horcoff in Islanders zone.
5:53 of 3rd period - Icing by Xavier Ouellet.
5:54 of 3rd period - Alexander Wennberg wins face-off versus Erik Condra in Penguins zone.
6:23 of 3rd period - Shot by Alexander Wennberg.
6:23 of 3rd period - Stopped by Braden Holtby with a rebound.
6:43 of 3rd period - Shot by Ryan Getzlaf.
6:43 of 3rd period - Stopped by Braden Holtby without a rebound.
6:44 of 3rd period - Josh Jooris wins face-off versus William Nylander in Islanders zone.
7:44 of 3rd period - Shot by Nathan MacKinnon.
7:44 of 3rd period - Stopped by Braden Holtby without a rebound.
7:45 of 3rd period - Zack Kassian wins face-off versus Alexander Wennberg in Islanders zone.
7:45 of 3rd period - Zack Kassian is hit by Brandon Saad.
7:57 of 3rd period - Icing by Josh Manson.
7:58 of 3rd period - Ryan Getzlaf wins face-off versus Zack Kassian in Islanders zone.
8:18 of 3rd period - Minor Penalty to Josh Manson for High sticking.
8:18 of 3rd period - Minor Penalty to Gabriel Landeskog for Tripping.
8:19 of 3rd period - Nate Thompson wins face-off versus Nathan MacKinnon in Islanders zone.
8:48 of 3rd period - Shot by Shawn Horcoff.
8:48 of 3rd period - Stopped by Connor Hellebuyck without a rebound.
8:49 of 3rd period - Nate Thompson wins face-off versus Nathan MacKinnon in Penguins zone.
8:56 of 3rd period - Shot by Nate Thompson.
8:56 of 3rd period - Stopped by Connor Hellebuyck without a rebound.
8:57 of 3rd period - Nate Thompson wins face-off versus Nathan MacKinnon in Penguins zone.
8:57 of 3rd period - Nate Thompson is hit by Matt Hunwick.
9:19 of 3rd period - Shot by Shawn Horcoff.
9:19 of 3rd period - Goal by Shawn Horcoff - Penguins : 2 - Islanders : 1.
9:20 of 3rd period - Nate Thompson wins face-off versus Nathan MacKinnon in neutral zone.
9:43 of 3rd period - Icing by Ryan Suter.
9:44 of 3rd period - Colin Wilson wins face-off versus Nathan MacKinnon in Penguins zone.
10:27 of 3rd period - Shot by Oliver Bjorkstrand.
10:27 of 3rd period - Deflect By Pavel Zacha.
10:27 of 3rd period - Shot Blocked by Niklas Hjalmarsson.
10:39 of 3rd period - Shot by Luke Glendening.
10:39 of 3rd period - Shot Misses the Net.
10:53 of 3rd period - Shot by Erik Condra.
10:53 of 3rd period - Stopped by Connor Hellebuyck without a rebound.
10:54 of 3rd period - Josh Jooris wins face-off versus Alexander Wennberg in Penguins zone.
11:15 of 3rd period - Shot by Alexander Wennberg.
11:15 of 3rd period - Shot Blocked by Luca Sbisa.
11:39 of 3rd period - Icing by Andy Greene.
11:40 of 3rd period - William Nylander wins face-off versus Josh Jooris in Islanders zone.
11:54 of 3rd period - Off-side.
11:55 of 3rd period - Luke Glendening wins face-off versus Zack Kassian in neutral zone.
12:09 of 3rd period - Minor Penalty to Zack Kassian for High sticking.
12:10 of 3rd period - Shawn Horcoff wins face-off versus Ryan Getzlaf in Islanders zone.
13:17 of 3rd period - Icing by Matt Hunwick.
13:18 of 3rd period - Brandon Saad wins face-off versus Shawn Horcoff in Penguins zone.
13:26 of 3rd period - Shot by Jakub Voracek.
13:26 of 3rd period - Stopped by Braden Holtby without a rebound.
13:27 of 3rd period - Shawn Horcoff wins face-off versus Alexander Wennberg in Islanders zone.
13:50 of 3rd period - Icing by Alexander Wennberg.
13:51 of 3rd period - Alexander Wennberg wins face-off versus Nate Thompson in Penguins zone.
14:02 of 3rd period - Brandon Davidson is hit by Alexander Wennberg and loses puck.
14:11 of 3rd period - Shot by Jakub Voracek.
14:11 of 3rd period - Shot Misses the Net.
14:17 of 3rd period - Shot by Gabriel Landeskog.
14:17 of 3rd period - Shot Misses the Net.
14:33 of 3rd period - Shot by Ryan Getzlaf.
14:33 of 3rd period - Shot Misses the Net.
14:57 of 3rd period - Off-side.
14:58 of 3rd period - Shawn Horcoff wins face-off versus William Nylander in neutral zone.
15:01 of 3rd period - Dmitry Kulikov is hit by Shawn Horcoff and loses puck.
15:38 of 3rd period - Shot by Ryan Callahan.
15:38 of 3rd period - Stopped by Braden Holtby without a rebound.
15:39 of 3rd period - Alexander Wennberg wins face-off versus Josh Jooris in Islanders zone.
16:10 of 3rd period - Shot by Nate Thompson.
16:10 of 3rd period - Deflect By Josh Jooris.
16:10 of 3rd period - Stopped by Connor Hellebuyck without a rebound.
16:11 of 3rd period - Zack Kassian wins face-off versus Ryan Getzlaf in Penguins zone.
16:19 of 3rd period - Minor Penalty to Josh Manson for Hooking.
16:20 of 3rd period - Shawn Horcoff wins face-off versus Ryan Getzlaf in Islanders zone.
16:32 of 3rd period - Icing by Victor Hedman.
16:33 of 3rd period - Shawn Horcoff wins face-off versus Ryan Getzlaf in Penguins zone.
16:44 of 3rd period - Shot by Colin Wilson.
16:44 of 3rd period - Stopped by Connor Hellebuyck without a rebound.
16:45 of 3rd period - Shawn Horcoff wins face-off versus Alexander Wennberg in Penguins zone.
16:45 of 3rd period - Shawn Horcoff is hit by Ryan Suter.
16:52 of 3rd period - Icing by Ryan Suter.
16:53 of 3rd period - Jakub Voracek wins face-off versus Shawn Horcoff in Penguins zone.
17:15 of 3rd period - Shot by Brandon Saad.
17:15 of 3rd period - Shot Blocked by Andy Greene.
17:26 of 3rd period - Shot by Victor Hedman.
17:26 of 3rd period - Stopped by Braden Holtby without a rebound.
17:27 of 3rd period - Ryan Getzlaf wins face-off versus Shawn Horcoff in Islanders zone.
17:30 of 3rd period - Shot by Nathan MacKinnon.
17:30 of 3rd period - Shot Blocked by Niklas Hjalmarsson.
17:32 of 3rd period - Shot by David Savard.
17:32 of 3rd period - Shot Blocked by Niklas Hjalmarsson.
17:36 of 3rd period - Shot by Ryan Getzlaf.
17:36 of 3rd period - Stopped by Braden Holtby without a rebound.
17:37 of 3rd period - Ryan Getzlaf wins face-off versus Shawn Horcoff in Islanders zone.
18:05 of 3rd period - Andy Greene is hit by Ryan Getzlaf and loses puck.
18:58 of 3rd period - Icing by Victor Hedman.
18:59 of 3rd period - Alexander Wennberg wins face-off versus Josh Jooris in Penguins zone.
19:02 of 3rd period - Islanders, Braden Holtby is pulled from the net.
19:08 of 3rd period - Shot by Josh Jooris.
19:08 of 3rd period - Shot Misses the Net.
19:10 of 3rd period - Shot by Brandon Davidson.
19:10 of 3rd period - Stopped by Connor Hellebuyck with a rebound.
19:12 of 3rd period - Shot by Nate Thompson.
19:12 of 3rd period - Stopped by Connor Hellebuyck without a rebound.
19:13 of 3rd period - Nathan MacKinnon wins face-off versus Zack Kassian in Penguins zone.
19:19 of 3rd period - Victor Hedman is hit by Josh Manson and loses puck.
19:28 of 3rd period - Shot by Zack Kassian.
19:28 of 3rd period - Stopped by Connor Hellebuyck without a rebound.
19:29 of 3rd period - Zack Kassian wins face-off versus Gabriel Landeskog in Penguins zone.
19:30 of 3rd period - Shot by Patrick Sharp.
19:30 of 3rd period - Stopped by Connor Hellebuyck without a rebound.
19:31 of 3rd period - Nathan MacKinnon wins face-off versus Zack Kassian in Penguins zone.
Goals for this period are 0 for Penguins vs 1 for Islanders.
Shots for this period are 11 for Penguins vs 14 for Islanders.